 Dungeon Crawl Stone Soup version 0.20.1-1-g8b1a95d (webtiles) character file.

1739 QuCean the Firebug (level 8, -8/61 HPs)
             Began as a Black Draconian Fire Elementalist on July 19, 2017.
             Was an Initiate of Vehumet.
             Mangled by an orc warrior
             ... wielding a +0 halberd
              (21 damage)
             ... on level 6 of the Dungeon on Oct 4, 2017.
             The game lasted 00:53:04 (7314 turns).

QuCean the Firebug (DrFE)                           Turns: 7314, Time: 00:53:05

Health: -8/61      AC:  6    Str: 11    XL:     8   Next: 77%
Magic:  10/15      EV: 13    Int: 17    God:    Vehumet [......]
Gold:   240        SH:  0    Dex: 12    Spells: 4/17 levels left

rFire    + . .     SeeInvis .   l - +2 dagger (freeze)
rCold    . . .     Gourm    .   (no shield)
rNeg     . . .     Faith    .   (armour unavailable)
rPois    .         Spirit   .   (helmet restricted)
rElec    +         Reflect  .   (no cloak)
rCorr    .         Harm     .   (no gloves)
MR       +....                  (no boots)
Stlth    ++........             (no amulet)
Regen    0.2/turn               E - ring of protection from magic
MPRegen  0.2/turn               r - ring of protection from fire

@: no status effects
A: breathe lightning, unfitting armour, electricity resistance, cold-blooded, AC
+6
a: Breathe Lightning, Renounce Religion


You were on level 6 of the Dungeon.
You worshipped Vehumet.
Vehumet was noncommittal.
You were not hungry.

You visited 2 branches of the dungeon, and saw 7 of its levels.

You collected 240 gold pieces.

Inventory:

Hand Weapons
 l - a +2 dagger of freezing (weapon)
 n - a +2 mace of crushing
 y - a +0 giant spiked club
Armour
 m - a +0 buckler
Jewellery
 f - an uncursed ring of positive energy
 p - a -2 ring of evasion
 r - a ring of protection from fire (right hand)
 E - a ring of protection from magic (left hand)
Wands
 d - a wand of paralysis (21/24)
 o - a wand of paralysis (14/24)
 x - a wand of iceblast (14/15)
Scrolls
 h - 2 scrolls of remove curse
 j - 2 scrolls of fear
 s - a scroll of amnesia {unknown}
 w - a scroll of teleportation {unknown}
Potions
 c - 2 potions of ambrosia
 e - a potion of berserk rage
 g - 2 potions of curing
 i - 3 potions of flight
 k - a potion of brilliance {unknown}
 q - 3 potions of might
 t - a potion of lignification {unknown}
 v - a potion of degeneration {unknown}
 A - a potion of haste {unknown}
 D - 2 potions of magic {unknown}
Books
 a - a book of Flames

   Spells                             Type                      Level
   a - Flame Tongue                   Conjuration/Fire             1
   b - Throw Flame                    Conjuration/Fire             2
   c - Conjure Flame                  Conjuration/Fire             3
   d - Inner Flame                    Hexes/Fire                   3
   e - Sticky Flame                   Conjuration/Fire             4
   f - Fireball                       Conjuration/Fire             5
Comestibles
 b - 4 meat rations
 u - 3 royal jellies
 B - 6 fruits


   Skills:
 + Level 1.9 Fighting
 * Level 3.8 Short Blades
 + Level 3.1 Dodging
 - Level 2.5 Stealth
 - Level 0.8 Unarmed Combat
 + Level 5.2 Spellcasting
 * Level 5.2 Conjurations
 * Level 6.8 Fire Magic


You had 4 spell levels left.
You knew the following spells:

 Your Spells              Type           Power        Failure   Level  Hunger
a - Flame Tongue          Conj/Fire      ###..        1%          1    None
b - Sticky Flame          Conj/Fire      ###.....     12%         4    ####...
c - Conjure Flame         Conj/Fire      ###.....     3%          3    ###....
d - Fireball              Conj/Fire      ###.......   32%         5    ######.


Dungeon Overview and Level Annotations

Branches:
Dungeon (6/15)             Temple (1/1) D:5

Altars:
Ashenzari
Cheibriados
Dithmenos
Elyvilon
Fedhas
Gozag
Hepliaklqana
Kikubaaqudgha
Makhleb
Nemelex Xobeh
Okawaru
Qazlal
Ru
Sif Muna
Trog
Uskayaw
Vehumet
Xom
Yredelemnul
Zin
The Shining One

Annotations:
D:3 Terence


Innate Abilities, Weirdness & Mutations

You can breathe wild blasts of lightning.
Your glossy black scales are hard. (AC +6)
You cannot fit into any form of body armour.
You are resistant to electric shocks. (rElec)
You are cold-blooded and may be slowed by cold attacks.


Message History

Aiming: Flame Tongue
Press: ? - help, Shift-Dir - straight line, f/p - orc warrior
Aim: an orc warrior, wielding a halberd and wearing a plate armour (heavily wounded)
The flame tongue hits the howler monkey zombie.
The howler monkey zombie is almost destroyed.
The orc warrior hits you from afar with a halberd.
The howler monkey zombie hits you.
Casting: Flame Tongue
Confirm with . or Enter, or press ? or * to list all spells.
Aiming: Flame Tongue
Press: ? - help, Shift-Dir - straight line, f/p - orc warrior
Aim: an orc warrior, wielding a halberd and wearing a plate armour (moderately wounded)
The flame tongue hits the howler monkey zombie.
The howler monkey zombie is almost destroyed.
The orc warrior hits you from afar with a halberd!!
* * * LOW HITPOINT WARNING * * *
The howler monkey zombie hits you.
* * * LOW HITPOINT WARNING * * *
The orc warrior hits you from afar with a halberd!!
You die...

###### ....#
#....# ....#
#....##....#
#....#.....+ .#
#....#.....# #.#
#....#.#... #.#
###....#.#.#.#+#.#
#@Z....'..........
###o...#.#.##.....
#....#.#..+.....
#....#.####....#
####...oZ.')....
#.#.####....#
#.#.........#
#.#..........
#.#.#########


You could see an orc warrior and a howler monkey zombie.

Vanquished Creatures
  The ghost of Phantomfrettchen the Insei, an amateur OpTm of Elyvilon (D:4)
  An orc warrior (D:4)
  3 ogres
  2 centaurs
  A scorpion (D:6)
  3 crimson imps
  A bullfrog zombie (D:6)
  3 hounds
  3 orc priests (D:4)
  A jelly (D:6)
  A centaur skeleton (D:6)
  Jessica (D:3)
  2 iguanas (D:5)
  4 orc wizards
  Natasha (thrice) (D:2)
  3 worker ants
  Ijyb (D:4)
  3 hound skeletons
  Robin (D:3)
  A gnoll (D:1)
  9 adders
  2 shadow imps
  2 oozes
  5 worms
  2 dart slugs
  4 leopard geckos
  20 orcs
  5 bats
  2 giant cockroaches
  8 goblins (D:3)
  8 hobgoblins
  6 jackals
  9 kobolds
  4 quokkas
  6 frilled lizards
  A quokka zombie (D:5)
  5 rats
137 creatures vanquished.

Notes
Turn   | Place    | Note
-------+----------+-------------------------------------------
     0 | D:1      | QuCean the Draconian Fire Elementalist began the quest for the Orb.
     0 | D:1      | Reached XP level 1. HP: 14/14 MP: 3/3
   386 | D:1      | Reached XP level 2. HP: 20/20 MP: 1/5
   644 | D:2      | Reached XP level 3. HP: 26/26 MP: 2/6
   763 | D:2      | Noticed Natasha
   775 | D:2      | Killed Natasha
   799 | D:2      | Noticed Natasha
   812 | D:2      | Killed Natasha
   812 | D:2      | Reached skill level 4 in Fire Magic
   812 | D:2      | Reached XP level 4. HP: 17/33 MP: 2/8
  1248 | D:2      | Noticed Natasha
  1265 | D:2      | Learned a level 4 spell: Sticky Flame
  1269 | D:2      | Learned a level 3 spell: Conjure Flame
  1301 | D:2      | Killed Natasha
  1458 | D:2      | Reached XP level 5. HP: 38/38 MP: 4/9
  1902 | D:3      | Noticed Jessica
  1914 | D:3      | Killed Jessica
  2771 | D:3      | Reached skill level 1 in Short Blades
  2859 | D:3      | Reached XP level 6. HP: 45/46 MP: 0/11
  2938 | D:3      | Found a faded altar of an unknown god.
  3188 | D:3      | Found a snail-covered altar of Cheibriados.
  3190 | D:3      | Noticed Terence
  3633 | D:3      | Noticed Robin
  3705 | D:3      | Killed Robin
  3952 | D:4      | Noticed Phantomfrettchen's ghost (amateur OpTm)
  3974 | D:4      | Killed Phantomfrettchen's ghost
  3974 | D:4      | Reached skill level 5 in Fire Magic
  4174 | D:4      | Your scales start taking on a glossy black colour.
  4174 | D:4      | Reached XP level 7. HP: 41/51 MP: 4/13
  4174 | D:4      | Gained mutation: You are resistant to electric shocks. (rElec) [Black Draconian growth]
  4452 | D:4      | Noticed Ijyb
  4470 | D:4      | Killed Ijyb
  4580 | D:4      | Found a sacrificial altar of Ru.
  4580 | D:4      | Found a blossoming altar of Fedhas.
  4673 | D:4      | Reached skill level 1 in Fighting
  5316 | D:4      | Learned a level 5 spell: Fireball
  5597 | D:4      | Reached XP level 8. HP: 38/59 MP: 0/14
  5796 | D:4      | Reached skill level 6 in Fire Magic
  5909 | D:5      | Entered Level 5 of the Dungeon
  6002 | D:5      | Found a staircase to the Ecumenical Temple.
  6015 | Temple   | Entered the Ecumenical Temple
  6023 | Temple   | Became a worshipper of Vehumet
  6544 | D:5      | Reached skill level 5 in Spellcasting
  7108 | D:6      | Reached skill level 5 in Conjurations
  7314 | D:6      | Mangled by an orc warrior

Skill      XL: |  1  2  3  4  5  6  7  8 |
---------------+-------------------------+-----
Dodging        | 2 3 |  3.1
Stealth        | 2 |  2.5
Fire Magic     | 4 5 6 |  6.8
Spellcasting   | 3 4 5 |  5.2
Conjurations   | 2 3 5 |  5.2
Short Blades   | 1 3 |  3.8
Fighting       | 1 |  1.9
Unarmed Combat | |  0.8

Action                   |  1- 3 |  4- 6 |  7- 9 || total
-------------------------+-------+-------+-------++-------
Melee: Unarmed           |     6 |    20 |       ||    26
       Tailslap          |     1 |     4 |    13 ||    18
       Dagger            |       |    27 |    96 ||   123
 Cast: Flame Tongue      |    36 |   142 |   150 ||   328
       Conjure Flame     |       |     6 |     3 ||     9
       Sticky Flame      |       |     2 |     5 ||     7
 Abil: Breathe Lightning |       |       |     1 ||     1
  Use: Scroll            |     2 |       |     8 ||    10
  Eat: Bread ration      |       |     1 |     1 ||     2
       Fruit             |       |     4 |       ||     4
       Chunk             |       |     3 |     5 ||     8
       Meat ration       |       |       |     1 ||     1
Armor: Skin              |     5 |    32 |    34 ||    71
Dodge: Dodged            |    21 |    67 |    81 ||   169
